 Dungeon Crawl Stone Soup version 0.14.2 (webtiles) character file.

88182 POPECO the Convoker (level 15, -8/103 HPs)
             Began as a Mummy Summoner on Nov 28, 2015.
             Was the Champion of Sif Muna.
             Mangled by a water elemental (12 damage)
             ... on Level 4 of the Shoals on Nov 29, 2015.
             The game lasted 06:06:43 (72793 turns).

POPECO the Convoker (Mummy Summoner)               Turns: 72793, Time: 06:06:44

HP  -8/103       AC 15     Str 11      XL: 15   Next: 38%
MP   8/39        EV 14     Int 19      God: Sif Muna [******]
Gold 2547        SH 13     Dex 12      Spells:  4 memorised, 17 levels left

rFire  + . .     SeeInvis +     u - staff of cold
rCold  + + +     Clarity  +     G - +2 robe {rC+ rF+}
rNeg   + + +     Conserve .     j - +3 buckler
rPois  +         rCorr    .     g - +2 helmet
rElec  .         rRot     +     v - +1 cloak "Fimme" {SInv}
SustAb . .       Spirit   .     B - +2 pair of gloves
rMut   .         Warding  .     n - +2 pair of boots
Saprov . . .     Stasis   .     x - amulet of Twaol Blarre {Clar rPois rN+ Acc+3}
MR     +....                    A - ring of magical power
                                l - ring of protection from fire

@: somewhat resistant to hostile enchantments, unstealthy
A: no food or potions, fire vulnerability, in touch with death, restore body,
cold resistance 1, life protection 3, poison resistance, torment resistance,
unbreathing
a: Self-Restoration, Channel Energy, Forget Spell, Renounce Religion


You were on level 4 of the Shoals.
You worshipped Sif Muna.
Sif Muna was exalted by your worship.
You were not hungry.

You visited 6 branches of the dungeon, and saw 34 of its levels.
You also visited: Ossuary.

You collected 3042 gold pieces.
You spent 495 gold pieces at shops.

Inventory:

Hand weapons
 c - a +4 blowgun
 d - a +0,+2 spear of venom
 o - the +3,+5 morningstar "Strauradgh" {vamp, rF+ Str+2}
   (You found it on level 6 of the Dungeon)

   It inflicts no extra harm, but heals its wielder somewhat when it strikes a
   living foe.
   It affects your strength (+2).
   It protects you from fire.
Missiles
 w - 63 poisoned needles
Armour
 g - a +2 helmet (worn)
 j - a +3 buckler (worn)
 n - a +2 pair of boots (worn)
 v - the +1 cloak "Fimme" (worn) {SInv}
   (You found it on level 11 of the Dungeon)

   It enhances your eyesight.
 B - a +2 pair of gloves (worn)
 G - a +2 robe of resistance (worn)
Magical devices
 a - a wand of paralysis (2)
 i - a wand of digging (9)
 s - a wand of cold (4)
 y - a wand of fire (2)
Scrolls
 e - a scroll of teleportation
 h - a scroll of enchant armour
 p - a scroll of enchant weapon II
 q - 11 scrolls of remove curse
 r - a scroll of vulnerability
 t - a scroll of identify
Jewellery
 f - an uncursed ring of wizardry
 k - an uncursed ring of positive energy {unknown}
 l - a ring of protection from fire (left hand)
 m - an uncursed ring of protection from magic
 x - the amulet of Twaol Blarre (around neck) {Clar rPois rN+ Acc+3}
   (You took it off a human on level 13 of the Dungeon)

   [amulet of clarity]

   It affects your accuracy with ranged weapons and melee attacks (+3).
   It protects you from poison.
   It protects you from negative energy.
 A - a ring of magical power (right hand)
 D - the amulet of Cekugob {Ward -Tele Hunger rElec rPois rN+ AC+1 EV+1}
   (You found it on level 11 of the Dungeon)

   [amulet of warding]

   It affects your AC (+1).
   It affects your evasion (+1).
   It insulates you from electricity.
   It protects you from poison.
   It protects you from negative energy.
   It prevents most forms of teleportation.
   It speeds your metabolism.
Books
 b - a book of Callings

   Spells                             Type                      Level
   Summon Small Mammal                Summoning                    1
   Call Imp                           Summoning                    2
   *Call Canine Familiar              Summoning                    3
   Summon Guardian Golem              Hexes/Summoning              4
   Summon Lightning Spire             Summoning/Air                4
   *Summon Ice Beast                  Ice/Summoning                4
Magical staves
 u - an uncursed staff of cold (weapon)


   Skills:
 - Level 5.0 Fighting
 - Level 5.0 Dodging
 - Level 1.5 Stealth
 - Level 5.0 Shields
 - Level 10.0 Spellcasting
 + Level 18.2 Summonings
 - Level 5.4 Ice Magic
 - Level 3.1 Invocations


You had 17 spell levels left.
You knew the following spells:

 Your Spells              Type           Power        Failure   Level  Hunger
a - Abjuration            Summ           ######....   0%          3    N/A
c - Call Canine Familiar  Summ           ######..     0%          3    N/A
d - Summon Ice Beast      Ice/Summ       ######..     1%          4    N/A
e - Summon Greater Demon  Summ           ######....   4%          7    N/A

Dungeon Overview and Level Annotations

Branches:
Dungeon (15/15) Temple (1/1) D:4 Orc (4/4) D:12 Elf (0/3) Orc:4 Lair (8/8) D:9 Shoals (4/5) Lair:3 Spider (2/5) Lair:3 Slime (0/6) Lair:8 Vaults (0/5) D:12 D:13 Depths: D:15

Altars:
Ashenzari
Cheibriados
Dithmenos
Elyvilon
Fedhas
Kikubaaqudgha
Makhleb
Nemelex Xobeh
Okawaru
Sif Muna
Trog
Vehumet
Xom
Yredelemnul
Zin
The Shining One
Lugonu

Shops:
D:9 [   D:10 *   Orc:4 *=*:   Shoals:2 %   Shoals:3 %

Annotations:
Lair:4 Rupert
Spider:2 casual's ghost, mighty HOAK


Innate Abilities, Weirdness & Mutations

You do not eat or drink.
Your flesh is vulnerable to fire.
You are in touch with the powers of death.
You can restore your body by infusing magical energy.
Your flesh is cold resistant.
You are immune to negative energy.
Your system is resistant to poisons.
You are immune to unholy pain and torment.
You can survive without breathing.


Message History

The water elemental hits you!
* * * LOW HITPOINT WARNING * * *
The wind drake bites your hell beast. The water elemental hits you.
* * * LOW HITPOINT WARNING * * *
The cyclops throws a large rock.
The large rock hits your hell beast.
You see here a sling bullet.
You see here 3 sling bullets.
Read which item? (? for menu, Esc to quit)
As you read the scroll of teleportation, it crumbles to dust.
You feel strangely unstable. You block the water elemental's attack.
The wind drake exhales a fierce blast of wind!
Your surroundings seem slightly different.
Splash!
You fall into the shallow water.
Moving in this stuff is going to be slow.
The wind drake flaps its wings at you. The air twists around and strikes you!
* * * LOW HITPOINT WARNING * * *
The water elemental hits you!
You die...

≈≈≈≈≈≈≈≈≈≈≈≈≈≈≈≈≈≈≈≈...≈
≈≈≈≈≈≈≈≈≈≈≈≈≈≈≈≈≈)%≈≈≈≈..
≈≈≈≈≈≈≈≈≈≈≈≈≈≈≈((≈≈≈≈≈...
≈≈≈≈≈≈≈≈≈≈≈≈≈≈((C≈≈≈≈≈≈≈..
≈≈≈≈≈≈≈≈≈≈≈≈≈..#.≈≈≈≈≈≈...
≈≈≈≈≈≈≈≈≈≈≈≈((##.>≈≈≈≈≈...
≈≈≈≈≈≈(≈≈≈≈≈≈(l....≈≈≈≈≈≈≈≈
≈≈≈.(.((≈≈≈≈≈..≈E.§≈≈≈≈≈≈≈≈
≈≈≈.###.≈≈≈≈≈≈≈≈@≈≈≈≈≈≈≈≈≈≈≈
≈≈≈.# #.≈≈≈≈≈≈≈≈≈≈≈≈≈≈≈≈≈≈≈≈≈
≈≈≈.###?.P≈≈≈≈≈≈≈≈≈≈≈≈≈≈≈≈≈≈≈≈
≈≈≈..#.P.[≈≈...≈≈....≈≈≈≈≈≈≈≈≈≈
≈≈≈≈(..(.%≈≈..≈≈.(.....≈≈≈≈≈≈≈≈
≈≈≈≈.####.≈≈≈.≈≈..........≈≈≈≈≈
≈≈≈≈.####.≈≈P≈≈≈/...........≈≈≈≈
≈≈≈≈.##.P≈≈≈P≈≈P..####..####.≈≈≈≈
.≈≈...P.≈≈≈≈P≈...≈###...### ≈≈≈


You could see a wind drake, a cyclops and a water elemental.

Vanquished Creatures
  A death yak (Lair:7)
  An unseen horror (D:12)
  A komodo dragon (Lair:1)
  A boulder beetle (Lair:5)
  A vampire (D:15)
  A hungry ghost (D:9)
  2 soldier ants (Lair:7)
  An ogre (D:7)
  A spider (Spider:1)
  An ice beast (D:7)
  A giant frog (Lair:7)
  A giant slug (Lair:8)
  2 electric eels (Lair:5)
  A wight (D:7)
  A goliath beetle (D:10)
  A centaur zombie (D:8)
  2 hounds
  A quasit (D:6)
  An orc wizard (D:5)
  An adder (D:8)
  2 green rats (Lair:2)
  2 worms
  An adder zombie (Ossuary)
  A giant gecko (D:6)
  An ooze (D:3)
  6 orcs
  9 bats
  A giant cockroach (D:9)
  5 goblins
  A hobgoblin (D:7)
  2 jackals
  6 kobolds
  2 quokkas
  2 giant newts
  A gnoll zombie (Ossuary)
  A hobgoblin zombie (D:7)
  2 jackal zombies
  3 orc zombies (Ossuary)
  2 rats
  2 ballistomycetes (D:7)
  A plant (Lair:1)
76 creatures vanquished.

Vanquished Creatures (collateral kills)
  Norris (D:13)
  A kraken (Shoals:4)
  Kirke (Shoals:2)
  Donald (Shoals:2)
  4 sirens
  A fire dragon (D:14)
  Fannar (Lair:1)
  11 hydras
  A ravenous feature mimic (Lair:8)
  Erica (Lair:3)
  2 alligator snapping turtles (Shoals:3)
  20 death yaks
  A deep troll shaman (Lair:8)
  3 satyrs
  3 orc high priests (Orc:4)
  Urug (D:15)
  A centaur warrior (D:15)
  A very ugly thing (D:15)
  A catoblepas (Lair:8)
  7 sea snakes
  An orb spider (Spider:1)
  2 lindwurms (Lair:8)
  2 water nymphs
  5 hill giants
  7 orc knights
  Pikel (D:4)
  4 unseen horrors
  5 orc sorcerers
  Joseph (D:7)
  9 wolf spiders (Spider:1)
  An oklob plant (Lair:7)
  8 griffons
  A red wasp (Spider:1)
  19 harpies
  8 cyclopes
  4 manticores
  14 fauns
  6 mermaids
  23 elephants
  A feature mimic (D:10)
  2 black mambas
  3 fire drakes
  2 gargoyles (D:13)
  7 spiny frogs
  A queen ant (Lair:7)
  3 kobold demonologists (D:13)
  4 demonic crawlers (Spider:1)
  8 jumping spiders (Spider:1)
  6 trolls
  7 komodo dragons
  3 two-headed ogres
  A polar bear (Lair:7)
  11 merfolk
  A raven (shapeshifter) (D:13)
  22 blink frogs
  3 wind drakes
  3 grizzly bears
  A boulder beetle (Lair:5)
  8 slime creatures (D:13)
  7 trapdoor spiders (Spider:1)
  3 basilisks
  A deep elf mage (D:15)
  13 snapping turtles
  8 tarantellas (Spider:1)
  A shadow (D:11)
  2 vampires (D:14)
  2 wyverns (D:13)
  A brown ooze (shapeshifter) (D:14)
  15 redbacks (Spider:1)
  4 water elementals
  4 hogs (Shoals:2)
  39 yaks
  3 vampire mosquitoes (D:15)
  Eustachio (D:5)
  3 elephant slugs
  15 sharks
  18 ugly things
  Grum (D:9)
  16 hippogriffs
  A neqoxec (Orc:3)
  16 wolves
  A hill giant skeleton (D:13)
  17 humans
  4 hungry ghosts
  A golden eye (shapeshifter) (D:15)
  18 soldier ants (Lair:7)
  13 water moccasins
  A mottled dragon (D:14)
  3 wargs
  10 porcupines
  A tengu skeleton (D:12)
  An ogre skeleton (D:14)
  6 ice beasts
  A manticore zombie (D:10)
  2 slaves (D:3)
  20 spiders
  26 orc warriors
  2 yellow wasps
  6 black bears
  A swamp drake (D:5)
  A sky beast (D:13)
  3 giant goldfish
  A hill giant simulacrum (D:14)
  10 ogres
  15 centaurs
  Sigmund (D:2)
  Duvessa (D:5)
  24 crocodiles
  2 elf zombies (Ossuary)
  9 giant slugs
  A boring beetle (Lair:8)
  2 big kobolds
  12 giant frogs
  Blork the orc (D:5)
  3 killer bees (D:10)
  7 scorpions
  10 wights
  A yak skeleton (Orc:4)
  2 pulsating lumps (Lair:8)
  3 electric eels
  A troll skeleton (D:8)
  A goliath beetle (D:7)
  A giant frog zombie (D:12)
  Dowan (D:5)
  A giant frog skeleton (D:8)
  A yellow wasp zombie (D:8)
  7 crimson imps
  2 jellies
  Crazy Yiuf (D:3)
  30 orc priests
  41 orc wizards
  2 big fish
  A centaur skeleton (D:8)
  An iron imp (D:5)
  An elf skeleton (D:13)
  14 hounds
  16 iguanas
  32 worker ants
  Natasha (thrice) (D:3)
  21 sheep
  2 big kobold zombies (Ossuary)
  A hound skeleton (D:4)
  7 gnolls
  6 mummies
  26 adders
  42 green rats
  4 orc skeletons
  4 giant mites
  12 white imps (Spider:1)
  5 worms
  3 shadow imps
  4 adder zombies
  7 giant geckos
  4 oozes
  198 orcs
  A ball python (D:6)
  24 bats
  A bat skeleton (D:8)
  A bat zombie (D:7)
  3 giant cockroaches
  A gnoll zombie (Ossuary)
  23 goblins
  20 hobgoblins
  21 jackals
  5 quokkas
  3 giant newts
  A giant spore (D:15)
  4 goblin zombies
  2 hobgoblin zombies (Ossuary)
  2 jackal zombies (Ossuary)
  20 kobolds
  7 kobold zombies (Ossuary)
  7 orc zombies
  2 quokka zombies (Ossuary)
  27 rats
  4 rat skeletons (Orc:4)
  6 rat zombies (Ossuary)
  7 ballistomycetes
  3 fungi
  10 plants
  2 tentacles (Shoals:4)
1408 creatures vanquished.

Vanquished Creatures (others)
  A blizzard demon (Shoals:4)
  A green death (Shoals:4)
  A hydra (Shoals:2)
  A shadow demon (Shoals:4)
  A hellion (Shoals:4)
  2 fauns (Shoals:3)
  A manticore (Shoals:3)
  A tormentor (Shoals:4)
  3 drowned souls (Shoals:1)
  A hell beast (Shoals:4)
  41 wolves
  23 wargs
  295 ice beasts
  11 crimson imps
  An orc priest (Orc:4)
  39 hounds
  2 iron imps
  4 shadow imps
  9 white imps
  A quokka (D:1)
  2 bats (D:1)
  3 giant spores
  A kobold (D:4)
  8 rats (D:1)
  3 rat skeletons (Orc:4)
  2 ballistomycetes (D:7)
  17 fungi
  10 plants
  22 tentacles (Shoals:4)
  78 tentacle segments (Shoals:4)
585 creatures vanquished.

Grand Total: 2069 creatures vanquished

Notes
Turn   | Place    | Note
--------------------------------------------------------------
     0 | D:1      | POPECO, the Mummy Summoner, began the quest for the Orb.
     0 | D:1      | Reached XP level 1. HP: 13/13 MP: 3/3
   721 | D:1      | Reached XP level 2. HP: 19/19 MP: 0/4
   758 | D:1      | Learned a level 2 spell: Call Imp
  1034 | D:1      | Found a glowing golden altar of the Shining One.
  1358 | D:2      | Noticed Sigmund
  1644 | D:1      | Reached skill level 4 in Summonings
  1839 | D:2      | Reached XP level 3. HP: 24/24 MP: 3/6
  1844 | D:2      | Learned a level 3 spell: Call Canine Familiar
  2445 | D:3      | Noticed Natasha
  2685 | D:3      | Killed Natasha
  2846 | D:3      | Found a blossoming altar of Fedhas.
  2862 | D:3      | Reached XP level 4. HP: 20/30 MP: 0/7
  2972 | D:3      | Identified a +1 rod of striking (13/13) (You found it on level 3 of the Dungeon)
  3310 | D:3      | Noticed a scorpion
  3335 | D:3      | Killed a scorpion
  3335 | D:3      | Reached skill level 5 in Summonings
  3765 | D:3      | Noticed Crazy Yiuf
  3775 | D:3      | Killed Crazy Yiuf
  3775 | D:3      | Reached XP level 5. HP: 35/35 MP: 3/9
  3847 | D:3      | Noticed Natasha
  3852 | D:3      | Killed Natasha
  4636 | D:4      | Found a sand-covered staircase.
  4689 | Ossuary  | Entered an ossuary
  4724 | Ossuary  | Reached skill level 6 in Summonings
  5029 | Ossuary  | Reached XP level 6. HP: 41/41 MP: 10/10
  6161 | D:4      | Noticed a slave
  6161 | D:4      | Noticed a slave
  6162 | D:4      | Noticed Pikel
  6164 | D:4      | Noticed a slave
  6164 | D:4      | Noticed a slave
  6493 | D:3      | Noticed Natasha
  6497 | D:3      | Killed Natasha
  6597 | D:3      | Killed a slave
  6606 | D:3      | Killed a slave
  7343 | D:4      | Found a staircase to the Ecumenical Temple.
  7347 | Temple   | Entered the Ecumenical Temple
  7382 | Temple   | Became a worshipper of Sif Muna the Loreminder
  8281 | D:4      | Killed Pikel
  8281 | D:4      | Reached skill level 7 in Summonings
  8281 | D:4      | Reached XP level 7. HP: 38/46 MP: 2/12
  8514 | D:5      | Entered Level 5 of the Dungeon
  9079 | D:5      | Acquired Sif Muna's first power
  9180 | D:5      | Noticed Eustachio
  9191 | D:5      | Killed Eustachio
  9251 | D:5      | Noticed Dowan
  9254 | D:5      | Noticed Duvessa
  9304 | D:5      | Killed Dowan
  9359 | D:5      | Reached XP level 8. HP: 52/52 MP: 12/18
 10257 | D:6      | Found a white marble altar of Elyvilon.
 10301 | D:6      | Reached skill level 5 in Spellcasting
 10307 | D:6      | Learned a level 4 spell: Summon Ice Beast
 10551 | D:6      | Reached skill level 1 in Ice Magic
 11084 | D:7      | Acquired Sif Muna's second power
 11310 | D:7      | Found a flagged portal.
 11313 | D:7      | Noticed Joseph
 11536 | D:7      | Killed Joseph
 11944 | D:7      | Found a burning altar of Makhleb.
 12512 | D:7      | Reached skill level 5 in Ice Magic
 12919 | D:7      | Reached XP level 9. HP: 57/57 MP: 13/21
 13158 | D:7      | Noticed a troll
 13168 | D:7      | Killed a troll
 13168 | D:7      | Reached skill level 1 in Shields
 13344 | D:5      | Killed Duvessa
 13520 | D:5      | Identified a scroll of acquirement
 13549 | D:5      | Noticed Blork the orc
 13554 | D:5      | Killed Blork the orc
 14096 | D:5      | Found a bloodstained altar of Trog.
 15533 | D:8      | Found a glowing silver altar of Zin.
 15533 | D:8      | Found a snail-covered altar of Cheibriados.
 15534 | D:8      | Found a shadowy altar of Dithmenos.
 16409 | D:8      | Found a basalt altar of Yredelemnul.
 16448 | D:8      | Found a blossoming altar of Fedhas.
 17554 | D:9      | Reached skill level 5 in Shields
 17621 | D:9      | Found a shattered altar of Ashenzari.
 17639 | D:9      | Reached skill level 1 in Fighting
 17659 | D:9      | Noticed Grum
 17661 | D:9      | Killed Grum
 17912 | D:9      | Found Zirriaphea's Antique Armour Shoppe.
 19190 | D:9      | Found a staircase to the Lair.
 19199 | Lair:1   | Entered Level 1 of the Lair of Beasts
 19346 | Lair:1   | Reached skill level 5 in Fighting
 19519 | Lair:1   | Reached XP level 10. HP: 69/74 MP: 12/22
 19587 | Lair:1   | Reached skill level 8 in Summonings
 20623 | Lair:1   | Reached skill level 9 in Summonings
 21615 | Lair:2   | Acquired Sif Muna's third power
 22124 | Lair:2   | Noticed Fannar
 22236 | Lair:1   | Reached skill level 10 in Summonings
 22328 | Lair:1   | Killed Fannar
 23724 | Lair:2   | Reached XP level 11. HP: 79/79 MP: 10/23
 25173 | Lair:3   | Noticed Erica
 25182 | Lair:3   | Killed Erica
 26087 | Lair:3   | Found a hole to the Spider Nest.
 26317 | Lair:3   | Found a staircase to the Shoals.
 26321 | Lair:3   | Reached skill level 5 in Dodging
 27217 | Lair:3   | Reached skill level 11 in Summonings
 27472 | Lair:4   | Noticed Rupert
 27485 | Lair:4   | Noticed an eight-headed hydra
 27492 | Lair:4   | Killed an eight-headed hydra
 28095 | Lair:5   | Noticed a death yak
 29497 | Lair:5   | Noticed a death yak
 29499 | Lair:5   | Noticed a death yak
 29499 | Lair:5   | Noticed a death yak
 29548 | Lair:5   | Noticed a death yak
 29553 | Lair:5   | Noticed a death yak
 30132 | Lair:5   | Reached skill level 12 in Summonings
 30199 | Lair:5   | Noticed a seven-headed hydra
 30205 | Lair:5   | Killed a seven-headed hydra
 30205 | Lair:5   | Received a gift from Sif Muna
 30302 | Lair:5   | Identified Sif Muna's Compendium of Malediction (Sif Muna gifted it to you on level 5 of the Lair of Beasts)
 30657 | Lair:5   | Reached skill level 1 in Invocations
 30853 | Lair:5   | Noticed a six-headed hydra
 30869 | Lair:5   | Killed a six-headed hydra
 30921 | Lair:5   | Noticed a death yak
 30922 | Lair:5   | Noticed a death yak
 30923 | Lair:5   | Noticed a death yak
 30968 | Lair:5   | Killed a death yak
 31037 | Lair:5   | Killed a death yak
 31060 | Lair:5   | Killed a death yak
 31060 | Lair:5   | Reached XP level 12. HP: 86/86 MP: 24/24
 31370 | Lair:5   | Noticed a death yak
 31407 | Lair:5   | Killed a death yak
 31416 | Lair:5   | Killed a death yak
 32161 | Lair:5   | Killed a death yak
 32173 | Lair:5   | Killed a death yak
 32252 | Lair:5   | Killed a death yak
 32276 | Lair:5   | Killed a death yak
 32276 | Lair:5   | Reached skill level 13 in Summonings
 32441 | Lair:5   | Killed a death yak
 34834 | Lair:7   | Received a gift from Sif Muna
 35855 | Lair:7   | Noticed a six-headed hydra
 35868 | Lair:7   | Killed a six-headed hydra
 35868 | Lair:7   | Reached skill level 14 in Summonings
 35961 | Lair:7   | Noticed a five-headed hydra
 35975 | Lair:7   | Killed a five-headed hydra
 36431 | Lair:7   | Noticed a four-headed hydra
 36439 | Lair:7   | Killed a four-headed hydra
 37247 | Lair:8   | Entered Level 8 of the Lair of Beasts
 37256 | Lair:8   | Reached XP level 13. HP: 89/91 MP: 16/25
 37464 | Lair:8   | Noticed a six-headed hydra
 37470 | Lair:8   | Killed a six-headed hydra
 37542 | Lair:8   | Found a staircase to the Slime Pits.
 37880 | Lair:8   | Received a gift from Sif Muna
 37881 | Lair:8   | Identified Twixat's Catalogue of Evil Magic (Sif Muna gifted it to you on level 8 of the Lair of Beasts)
 38609 | Lair:8   | Reached skill level 15 in Summonings
 38954 | Lair:8   | Found a radiant altar of Vehumet.
 41270 | D:2      | Killed Sigmund
 41550 | D:9      | Bought a runed ring mail for 120 gold pieces
 41832 | D:10     | Entered Level 10 of the Dungeon
 42041 | D:10     | Found a portal to a secret trove of treasure.
 42050 | D:10     | the portal to a secret trove of treasure was a mimic.
 42114 | D:10     | Found Mnuoc's Serpentskin Sales.
 43091 | Lair:3   | Got a dazzling cutlass
 43092 | Lair:3   | Identified the cursed +1,+0 cutlass "Wuleduim" {flame, rPois SInv} (You found it on level 3 of the Lair of Beasts)
 43312 | D:6      | Got an iridescent morningstar
 43313 | D:6      | Identified the +3,+5 morningstar "Strauradgh" {vamp, rF+ Str+2} (You found it on level 6 of the Dungeon)
 43913 | D:11     | Got a bloodstained cloak
 43917 | D:11     | Identified the +1 cloak "Fimme" {SInv} (You found it on level 11 of the Dungeon)
 45350 | D:12     | Found a staircase to the Orcish Mines.
 46869 | Orc:1    | Entered Level 1 of the Orcish Mines
 47600 | D:13     | Found a gate to the Vaults.
 47600 | D:13     | Noticed Norris
 47873 | Spider:1 | Entered Level 1 of the Spider Nest
 48628 | D:13     | Received a gift from Sif Muna
 48629 | D:13     | Identified Sif Muna's Papyrus of Creation (Sif Muna gifted it to you on level 13 of the Dungeon)
 48645 | D:12     | Learned a level 3 spell: Abjuration
 49129 | D:13     | Got a steaming ruby amulet
 49130 | D:13     | Identified the amulet of Twaol Blarre {Clar rPois rN+ Acc+3} (You took it off a human on level 13 of the Dungeon)
 49286 | Shoals:1 | Entered Level 1 of the Shoals
 49400 | Shoals:1 | HP: 3/91 [barbs]
 50110 | Shoals:1 | Reached skill level 10 in Spellcasting
 52015 | D:14     | Reached XP level 14. HP: 81/98 MP: 28/31
 52263 | D:14     | HP: 2/98 [fire dragon/blast of flame (60)]
 55540 | Orc:4    | Entered Level 4 of the Orcish Mines
 56017 | Orc:4    | Found a staircase to the Elven Halls.
 57000 | Orc:4    | Received a gift from Sif Muna
 57304 | Orc:4    | Identified Sif Muna's Papyrus of Slavery and Ice (Sif Muna gifted it to you on level 4 of the Orcish Mines)
 57498 | Orc:4    | Found Kifrailo's Jewellery Shop.
 57499 | Orc:4    | Found Kivaujein's Assorted Antiques.
 57500 | Orc:4    | Found Cionotie's Book Shop.
 57501 | Orc:4    | Found Omilus' General Store.
 57524 | Orc:4    | Bought an uncursed ring of protection from fire for 375 gold pieces
 59361 | D:13     | Reached skill level 16 in Summonings
 59482 | D:13     | Killed Norris
 60344 | D:13     | Found a corrupted altar of Lugonu.
 61376 | D:15     | Entered Level 15 of the Dungeon
 61609 | D:15     | Noticed Urug
 61623 | D:15     | Killed Urug
 63668 | Shoals:2 | Received a gift from Sif Muna
 63669 | Shoals:2 | Identified Sif Muna's Tome of the Escort (Sif Muna gifted it to you on level 2 of the Shoals)
 63692 | Shoals:1 | Learned a level 7 spell: Summon Hydra
 63745 | Shoals:2 | Found Ylival's Food Shoppe.
 64205 | Shoals:2 | Reached skill level 17 in Summonings
 64206 | Shoals:2 | Noticed Kirke
 64215 | Shoals:2 | Killed Kirke
 66913 | Spider:1 | Reached XP level 15. HP: 80/103 MP: 25/30
 69359 | Spider:2 | Noticed casual's ghost (mighty HOAK)
 69962 | Shoals:3 | Noticed Donald
 69975 | Shoals:2 | Killed Donald
 70902 | Shoals:3 | Received a gift from Sif Muna
 70903 | Shoals:3 | Identified Sif Muna's Guide on Creation (Sif Muna gifted it to you on level 3 of the Shoals)
 70912 | Shoals:3 | Learned a level 7 spell: Summon Greater Demon
 71015 | Shoals:3 | Noticed an Executioner
 71146 | Shoals:3 | Noticed a Brimstone Fiend
 71228 | Shoals:3 | Noticed an Ice Fiend
 71415 | Shoals:3 | Found Gogheugi's Food Shop.
 71689 | Shoals:3 | Noticed a Shadow Fiend
 71782 | Shoals:3 | Noticed a Shadow Fiend
 71788 | Shoals:3 | Reached skill level 18 in Summonings
 71976 | Shoals:4 | Noticed an Executioner
 72053 | Shoals:4 | Noticed an Ice Fiend
 72275 | Shoals:4 | Noticed a kraken
 72280 | Shoals:4 | Noticed a Hell Sentinel
 72281 | Shoals:4 | Noticed a Brimstone Fiend
 72470 | Shoals:4 | Noticed an Executioner
 72473 | Shoals:4 | Killed a kraken
 72629 | Shoals:4 | Noticed a Brimstone Fiend
 72793 | Shoals:4 | HP: 4/103 [wind drake/the air (16)]
 72793 | Shoals:4 | Mangled by a water elemental

Action                   |  1- 3 |  4- 6 |  7- 9 | 10-12 | 13-15 || total
-------------------------+-------+-------+-------+-------+-------++-------
Melee: Spear             |    68 |   182 |   327 |    78 |       ||   655
       Staff             |       |       |       |    13 |    42 ||    55
 Fire: Blowgun           |       |       |       |    28 |    53 ||    81
 Cast: Summon Small Mamm |    31 |       |       |       |       ||    31
       Call Imp          |    47 |    97 |    67 |     4 |       ||   215
       Call Canine Famil |       |    29 |    72 |    68 |   142 ||   311
       Summon Ice Beast  |       |       |   160 |   610 |   794 ||  1564
       Summon Hydra      |       |       |       |       |   115 ||   115
       Abjuration        |       |       |       |       |    29 ||    29
       Summon Greater De |       |       |       |       |    39 ||    39
Invok: Channel Energy    |       |       |    31 |   378 |    94 ||   503
 Abil: Self-Restoration  |       |       |       |       |     2 ||     2
Evoke: Wand              |       |     4 |    31 |    27 |    16 ||    78
       Fan of gales      |       |       |       |       |     1 ||     1
  Use: Scroll            |     3 |     5 |    23 |    17 |    38 ||    86
 Stab: Sleeping          |     1 |     1 |       |       |       ||     2
       Distracted        |       |     3 |     4 |     5 |       ||    12
       Paralysed         |       |       |    10 |       |     4 ||    14
